 Dungeon Crawl Stone Soup version 0.30.0-13-g156ef70053 (webtiles) character file.

Game seed: 1920442652610232007

8540 cheesebisquit the Cleaver (level 11, -3/97 HPs)
             Began as a Minotaur Berserker on May 15, 2023.
             Was a Priest of Trog.
             Slain by Snorg (9 damage)
             ... on level 10 of the Dungeon on May 17, 2023.
             The game lasted 00:29:25 (8522 turns).

cheesebisquit the Cleaver (Minotaur Berserker)      Turns: 8522, Time: 00:29:25

Health: -3/97      AC: 18    Str: 25    XL:     11   Next: 11%
Magic:  10/10      EV:  8    Int:  4    God:    Trog [***...]
Gold:   448        SH:  9    Dex: 11    Spells: 10/10 levels left

rFire   . . .        E - +0 hand axe (freeze)
rCold   . . .        F - +0 kite shield
rNeg    . . .        c - +0 plate armour
rPois   .            (helmet restricted)
rElec   .            G - +0 cloak
rCorr   .            q - +0 pair of gloves
SInv    .            m - +0 pair of boots
Will    ++...        (no amulet) Stlth
                     (no ring)
HPRegen 1.36/turn    (no ring)
MPRegen 0.12/turn

%: no passive effects
@: mighty, strong-willed, on berserk cooldown, regenerating, slowed, very slow
A: horns 2, retaliatory headbutt
a: Renounce Religion, Berserk, Trog's Hand


You were on level 10 of the Dungeon.
You worshipped Trog.
Trog was most pleased with you.
You visited 1 branch of the dungeon, and saw 10 of its levels.

You collected 497 gold pieces.
You spent 49 gold pieces at shops.

Inventory:

Hand Weapons
 j - a +1 mace of holy wrath
 w - a +0 whip of electrocution
 x - a +0 shortbow
 z - a +0 battleaxe
 E - a +0 hand axe of freezing (weapon)
Missiles
 y - 15 poisoned darts (quivered)
 C - 7 boomerangs
Armour
 c - a +0 plate armour (worn)
 m - a +0 pair of boots (worn)
 q - a +0 pair of gloves (worn)
 F - a +0 kite shield (worn)
 G - a +0 cloak (worn)
Jewellery
 g - a ring of ice
Scrolls
 a - a scroll of blinking {unknown}
 b - 2 scrolls of poison {unknown}
 d - 5 scrolls of fog {unknown}
 e - 4 scrolls of teleportation {unknown}
 f - 6 scrolls of identify {unknown}
 k - a scroll of enchant weapon {unknown}
 l - 2 scrolls of vulnerability {unknown}
 p - 2 scrolls of immolation {unknown}
 r - 3 scrolls of enchant armour {unknown}
 u - 2 scrolls of amnesia {unknown}
 B - a scroll of fear {unknown}
 H - a scroll of torment {unknown}
Potions
 h - 2 potions of brilliance
 i - a potion of might
 n - 3 potions of invisibility {unknown}
 o - a potion of degeneration {unknown}
 s - 7 potions of curing {unknown}
 t - a potion of resistance {unknown}
 v - a potion of berserk rage {unknown}
 A - a potion of haste {unknown}
 D - a potion of attraction {unknown}


   Skills:
 + Level 9.3 Fighting
 * Level 12.4 Axes
 + Level 8.7 Armour
 + Level 8.0 Dodging
 - Level 5.0 Stealth
 + Level 5.2 Shields


You had 10 spell levels left.
You didn't know any spells.
Your spell library was empty.

Dungeon Overview and Level Annotations

Branches:
Dungeon (10/15)            Temple (0/1) D:6            Lair (0/5) D:8
    Orc: D:9-12

Altars:
Cheibriados
Elyvilon
Gozag
Hepliaklqana
Kikubaaqudgha
Nemelex Xobeh
Okawaru
Qazlal
Sif Muna
Trog
Wu Jian
Zin
The Shining One

Shops:
D:2 (([**

Annotations:
D:10 Snorg


Innate Abilities, Weirdness & Mutations

You have a pair of horns on your head.
You reflexively headbutt those who attack you in melee.


Message History

Trog accepts your kill. Snorg barely misses you. Snorg misses you.
You block Snorg's attack.
You slash Snorg! You freeze Snorg. You headbutt Snorg.
Snorg is lightly wounded.
Snorg bites you but does no damage. Snorg completely misses you.
Snorg barely misses you.
You hit Snorg. You freeze Snorg.
Snorg is lightly wounded.
Snorg bites you! Snorg claws you but does no damage. x2
You block Snorg's attack. Snorg claws you! x2
You closely miss Snorg.
Snorg is lightly wounded.
You block Snorg's attack. Snorg barely misses you. You block Snorg's attack.
Snorg bites you but does no damage. Snorg claws you but does no damage. x2
You barely miss Snorg.
Snorg is lightly wounded.
Snorg bites you. You block Snorg's attack. x2
Snorg bites you but does no damage. Snorg barely misses you.
You block Snorg's attack.
You completely miss Snorg. Your headbutt misses Snorg.
Snorg is lightly wounded.
Snorg bites you. Snorg claws you but does no damage. x2
Snorg barely misses you. Snorg claws you! Snorg claws you.
You feel very mighty all of a sudden. Snorg bites you!!
* * * LOW HITPOINT WARNING * * *
You block Snorg's attack. Snorg claws you.
* * * LOW HITPOINT WARNING * * *
Snorg closely misses you. You block Snorg's attack.
Snorg claws you but does no damage.
You slash Snorg! You freeze Snorg. You headbutt Snorg.
Snorg is moderately wounded.
Snorg bites you.
* * * LOW HITPOINT WARNING * * *
You block Snorg's attack. Snorg claws you.
* * * LOW HITPOINT WARNING * * *
Snorg bites you!
* * * LOW HITPOINT WARNING * * *
Snorg claws you!
You die...

.##.....##..#..#.###
.... #..#.#..#..#..#.#
.......##.##......##.#
..................#..#
?.....#..###......#..#
......#..# ####...#..#
......#..# #...#..###
......T..# #...#.....
#@.######...#.....
#.........###.....
###########......#
..............#
..............#
.#######......#
#......# #......# #...
....#......#


You could see Snorg (berserk).

Vanquished Creatures
  Josephine (D:10)
  A two-headed ogre (D:8)
  Pikel (D:9)
  An ugly thing (D:9)
  A gargoyle (D:9)
  An unseen horror (D:10)
  A komodo dragon (D:8)
  A troll (D:10)
  Prince Ribbit (D:9)
  3 wraiths (D:10)
  8 yaks (D:9)
  2 wyverns
  A steam dragon (D:9)
  2 water moccasins
  2 orc warriors
  A black bear (D:5)
  2 sky beasts
  3 centaurs
  A kobold brigand (D:10)
  A lemure (D:9)
  2 phantoms
  2 bullfrogs (D:7)
  4 scorpions
  2 gnoll sergeants
  7 wights
  4 killer bees
  4 howler monkeys
  6 orc priests
  2 hounds
  Crazy Yiuf (D:7)
  3 iguanas (D:5)
  2 sleepcaps (D:5)
  Terence (D:3)
  5 orc wizards
  Natasha (thrice) (D:2)
  14 gnolls
  2 adders
  2 shadow imps
  2 white imps (D:5)
  An ufetubus (D:6)
  3 worms
  24 orcs
  5 endoplasms
  2 giant cockroaches
  9 goblins
  5 hobgoblins
  15 jackals
  2 quokkas
  9 ball pythons
  5 bats
  A frilled lizard (D:1)
  8 kobolds
  6 rats
198 creatures vanquished.

Vanquished Creatures (others)
  A wizard (D:4)
1 creature vanquished.

Grand Total: 199 creatures vanquished

Notes
Turn   | Place    | Note
-------+----------+-------------------------------------------
     0 | D:1      | cheesebisquit the Minotaur Berserker began the quest for
                  | the Orb.
     0 | D:1      | Reached XP level 1. HP: 19/19 MP: 0/0
   219 | D:1      | Reached XP level 2. HP: 25/27 MP: 1/1
   321 | D:1      | Reached skill level 4 in Axes
   385 | D:1      | Found a faded altar of an unknown god.
   461 | D:1      | You fall into a shaft and drop 1 floor!
   639 | D:2      | Noticed Natasha
   646 | D:2      | Killed Natasha
   647 | D:2      | Reached XP level 3. HP: 6/33 MP: 2/2
  1023 | D:2      | Noticed Natasha
  1024 | D:2      | Found Mugiluca's Antique Weapon Shoppe.
  1030 | D:2      | Killed Natasha
  1030 | D:2      | Reached ** piety under Trog
  1031 | D:2      | Reached skill level 1 in Stealth
  1031 | D:2      | Reached XP level 4. HP: 33/40 MP: 3/3
  1056 | D:2      | Found Opnal's Weapon Shoppe.
  1059 | D:2      | Found Dagueh's Armour Boutique.
  1072 | D:2      | Found Neakluno's General Store.
  1084 | D:2      | Bought a +0 pair of gloves for 49 gold pieces
  1279 | D:2      | Found Zoc Egg's Assorted Antiques.
  1513 | D:2      | Noticed Natasha
  1519 | D:2      | Killed Natasha
  1569 | D:3      | Noticed Terence
  1583 | D:3      | Killed Terence
  1584 | D:3      | Reached skill level 5 in Axes
  1584 | D:3      | Reached XP level 5. HP: 35/46 MP: 4/4
  1925 | D:3      | Found a snail-covered altar of Cheibriados.
  2326 | D:3      | Found an ornate altar of the Wu Jian Council.
  2329 | D:3      | Found an opulent altar of Gozag.
  2487 | D:4      | Found a bloodstained altar of Trog.
  2488 | D:4      | Noticed a wizard
  2495 | D:4      | Killed a wizard
  2633 | D:4      | Found an iron altar of Okawaru.
  2687 | D:4      | Noticed a centaur
  2701 | D:4      | Killed a centaur
  2776 | D:4      | Reached XP level 6. HP: 48/53 MP: 5/5
  3349 | D:5      | Entered Level 5 of the Dungeon
  3354 | D:5      | Reached *** piety under Trog
  3355 | D:5      | Reached skill level 6 in Axes
  3383 | D:5      | Reached skill level 5 in Fighting
  3477 | D:5      | Reached XP level 7. HP: 52/61 MP: 6/6
  3859 | D:5      | Reached skill level 7 in Axes
  4248 | D:5      | Reached XP level 8. HP: 70/70 MP: 7/7
  4249 | D:5      | Found a shimmering blue altar of Sif Muna.
  4289 | D:5      | Found a glowing golden altar of the Shining One.
  4289 | D:5      | Found a glowing silver altar of Zin.
  4290 | D:5      | Found a white marble altar of Elyvilon.
  4362 | D:6      | Reached skill level 5 in Armour
  4418 | D:6      | Reached skill level 8 in Axes
  4418 | D:6      | Reached skill level 5 in Dodging
  4886 | D:6      | Reached **** piety under Trog
  5102 | D:6      | Found a staircase to the Ecumenical Temple.
  5596 | D:6      | Reached skill level 9 in Axes
  5603 | D:6      | Reached XP level 9. HP: 27/78 MP: 8/8
  6051 | D:7      | Upgraded the game from 0.30.0-10-gfe55d96785 to
                  | 0.30.0-13-g156ef70053
  6371 | D:7      | Found a runed translucent door.
  6373 | D:7      | Noticed Crazy Yiuf
  6465 | D:8      | Found a hazy altar of Hepliaklqana.
  6521 | D:8      | Found a sparkling altar of Nemelex Xobeh.
  6568 | D:8      | Found a staircase to the Lair.
  6569 | D:8      | Noticed a komodo dragon
  6579 | D:8      | Killed a komodo dragon
  6765 | D:8      | Noticed a two-headed ogre
  6770 | D:8      | Reached skill level 10 in Axes
  6776 | D:8      | Killed a two-headed ogre
  6777 | D:8      | Reached skill level 5 in Stealth
  6960 | D:7      | Killed Crazy Yiuf
  7153 | D:9      | Reached XP level 10. HP: 69/88 MP: 9/9
  7309 | D:9      | Noticed Prince Ribbit
  7312 | D:9      | Noticed Pikel
  7321 | D:9      | Killed Prince Ribbit
  7322 | D:9      | Reached skill level 11 in Axes
  7329 | D:9      | Killed Pikel
  7510 | D:9      | Noticed a gargoyle
  7528 | D:9      | Killed a gargoyle
  7605 | D:9      | Noticed a purple ugly thing
  7612 | D:9      | Killed a purple ugly thing
  7665 | D:9      | Found an ancient bone altar of Kikubaaqudgha.
  8160 | D:10     | Entered Level 10 of the Dungeon
  8174 | D:10     | Reached skill level 12 in Axes
  8451 | D:10     | Found a stormy altar of Qazlal.
  8477 | D:10     | Noticed Josephine
  8489 | D:10     | Killed Josephine
  8490 | D:10     | Reached skill level 5 in Shields
  8490 | D:10     | Reached XP level 11. HP: 97/97 MP: 10/10
  8497 | D:10     | Noticed Snorg
  8522 | D:10     | Slain by Snorg

Illustrated notes

Levels and vault maps discovered:
D:1:      dpeg_arrival_subterranean_lakeside_camping, layout_basic,
          chequers_ecumenical_altar_grove
D:2:      layout_basic, serial_shops, shop, shop, shop, nicolae_shop_waterfront,
          shop, kennysheep_potato, uniq_natasha
D:3:      layout_basic, cheibriados_altar_1, minitemple, uniq_terence
D:4:      layout_basic, trog_wizard, mainiacjoe_overflow_paths
D:5:      layout_rooms, good_gods_mini_temple, lemuel_coloured_pillars_altar,
          minmay_misc_feat_room, minmay_manual_mares
D:6:      layout_basic, minmay_temple_entry_offerings
D:7:      layout_cave_pools, minmay_misc_feat_rows, uniq_crazy_yiuf_cottage
D:8:      layout_cave_pools, mainiacjoe_overflow_concentric_impassable,
          lemuel_round_altar, david_lair_shrubbed
D:9:      layout_cave_pods, nicolae_overflow_hidden_temple, uniq_pikel,
          uniq_prince_ribbit1
D:10:     layout_irregular_city, nzn_makhleb_speed_demon,
          mainiacjoe_overflow_small_starburst, uniq_josephine, uniq_snorg,
          uniq_joseph

Skill      XL: |  1  2  3  4  5  6  7  8  9 10 11 |
---------------+----------------------------------+-----
Axes           | 4 5 6 7 9 10 12 | 12.4
Fighting       | 4 5 6 7 9 |  9.3
Armour         | 3 4 6 7 8 |  8.7
Stealth        | 1 2 3 4 5 |  5.0
Dodging        | 3 4 5 6 7 8 |  8.0
Shields        | 2 5 |  5.2

Action                     |  1- 3 |  4- 6 |  7- 9 | 10-12 || total
---------------------------+-------+-------+-------+-------++-------
  Melee: Hand axe          |    56 |   106 |    30 |   166 ||   358
         Headbutt          |     7 |    19 |    66 |    29 ||   121
         Mace              |       |    22 |    21 |       ||    43
         Punch             |       |     1 |     2 |       ||     3
         Whip              |       |       |   224 |       ||   224
         Battleaxe         |       |       |     6 |       ||     6
  Throw: Dart              |     2 |    14 |    25 |       ||    41
         Throwing net      |       |       |     2 |       ||     2
 Invoke: Berserk           |       |       |     3 |     7 ||    10
         Trog's Hand       |       |       |     2 |     9 ||    11
    Use: Potion            |       |     3 |     2 |     1 ||     6
   Stab: Sleeping          |     1 |       |       |       ||     1
 Armour: Animal skin       |     7 |       |       |       ||     7
         Ring mail         |       |    61 |    10 |       ||    71
         Chain mail        |       |       |    60 |       ||    60
         Skin              |       |       |     2 |       ||     2
         Plate armour      |       |       |   139 |   122 ||   261
  Dodge: Dodged            |    36 |    97 |   160 |    41 ||   334
  Block: Kite shield       |       |       |    10 |    68 ||    78
